Construct Section Command Post
Selects Indian Artillery Battlegroup
Construct Field Infirmary
Construct Platoon Command Post
6-pounder Anti-tank Gun Team
Selects Gurkha Rifles Section
Construct Company Command Post
6-pounder Anti-tank Gun Team
Selects Volunteer Infantry
Selects Artillery Saturation
6-pounder Anti-tank Gun Team
6-pounder Anti-tank Gun Team
Unlock M3 Grant Medium Tanks
6-pounder Anti-tank Gun Team